 Dungeon Crawl Stone Soup version 0.29.0-4-gdea44cf6ec (webtiles) character file.

Game seed: 9525649604661567318

469 qw the Ruffian (level 6, 0/59 HPs)
             Began as a Troll Cinder Acolyte on Aug 31, 2022.
             Was an Elder of Ignis.
             Slain by an ogre
             ... wielding a +0 giant club
              (34 damage)
             ... on level 5 of the Dungeon.
             The game lasted 00:01:47 (3332 turns).

qw the Ruffian (Troll Cinder Acolyte)               Turns: 3332, Time: 00:01:48

Health: 0/59       AC:  5    Str: 25    XL:     6   Next: 82%
Magic:  6/6        EV:  9    Int: 10    God:    Ignis [****..]
Gold:   120        SH:  0    Dex:  5    Spells: 7/7 levels left

rFire   + . .      SeeInvis .     - Unarmed
rCold   . . .      Faith    .   (no shield)
rNeg    . . .      Spirit   .   a - +0 robe
rPois   .          Reflect  .   (helmet restricted)
rElec   .          Harm     .   f - +0 cloak
rCorr   .          Rampage  .   (gloves unavailable)
Will    .....                   (boots unavailable)
Stlth   +.........              (no amulet)
HPRegen 0.99/turn               (no ring)
MPRegen 0.10/turn               (no ring)

@: no status effects
A: large, unfitting armour, claws 3, regeneration 1, shaggy fur 1, tough skin 1
a: Renounce Religion, Fiery Armour, Foxfire Swarm, Rising Flame


You were on level 5 of the Dungeon.
You worshipped Ignis.
Ignis was greatly pleased with you.
You visited 1 branch of the dungeon, and saw 5 of its levels.

You collected 216 gold pieces.
You spent 96 gold pieces at shops.


Innate Abilities, Weirdness & Mutations

You are too large for most types of armour.
You have claws for hands.
Your natural rate of healing is unusually fast.
You are covered in fur. (AC +1)
You have tough skin. (AC +1)


   Skills:
 - Level 2.4 Fighting
 + Level 7.8 Unarmed Combat
 - Level 1.0 Spellcasting
 - Level 2.1 Fire Magic


You had 7 spell levels left.
You didn't know any spells.
Your spell library contained the following spells:

 Spells                   Type           Power      Damage    Failure   Level
 Scorch                   Fire           8%         2d5       22%         2

Inventory:

Armour
 a - a +0 robe (worn)
 f - a +0 cloak (worn)
Scrolls
 g - a scroll of identify
 l - 5 scrolls of teleportation
Potions
 b - a potion of resistance
 h - a potion of haste
 i - a potion of berserk rage {unknown}
 j - a potion of curing
 m - a potion of attraction {unknown}
 n - a potion of cancellation

Dungeon Overview and Level Annotations

Branches:
Dungeon (5/15)
 Temple: D:4-7

Altars:
Gozag
Hepliaklqana
Qazlal
Zin

Shops:
D:2 !


Message History

The orc wizard is lightly wounded.
You scratch the orc wizard.
The orc wizard is moderately wounded.
The orc hits you but does no damage.
The orc wizard points at you and mumbles some strange words.
You resist with some effort.
You barely miss the orc wizard.
The orc wizard is moderately wounded.
The orc hits you but does no damage.
The orc wizard hits you with a +0 dagger.
3326 ||| Stepping ~*~*~tactically~*~*~ (outnumbered).
The orc wizard attacks as you move away!
The orc wizard hits you but does no damage.
The orc attacks as you move away! The orc hits you but does no damage.
An ogre comes into view. It is wielding a +0 giant club.
The ogre shouts!
The orc wizard mumbles some strange words.
The orc wizard flickers and vanishes!
Deactivating autopickup; reactivate with Ctrl-A.
You closely miss the orc. The orc closely misses you.
3328 ||| Stepping ~*~*~tactically~*~*~ (outnumbered).
The orc throws a poisoned dart.
The poisoned dart misses you.
Items here: % )) [.
The quokka twitches its whiskers.
You scratch the orc.
The orc is lightly wounded.
Something hits you. The orc hits you with a +0 mace.
You completely miss the orc.
The orc is lightly wounded.
The quokka bites you. The orc hits you but does no damage.
You hear some strange, mumbled words.
A magic dart appears from out of thin air!
The magic dart hits you. The orc hits you with a +0 mace. The quokka bites you.
You claw the orc!
You kill the orc!
The orc hits you with a +0 dagger. Something hits you.
The ogre hits you with a +0 giant club!!
Ouch! That really hurt!
You die...

###..# ###.......#
##....###.........#
..................#
.####...###......#
#..## ##......#
#..# ##...[...
##..# #...... #
####.o## #..... ##.
####..O@{.# ...
##..##......)r.###
#.........####.[.#
...##...###
#........ #..##
##....... ##..#
....... #...#
....... #....#
....... #......
#......


You could see an ogre, an orc and a quokka.

Vanquished Creatures
  Edmund (D:4)
  A phantom (D:5)
  A necrophage (D:5)
  2 hounds
  2 adders
  3 gnolls (D:4)
  An ufetubus (D:4)
  3 worms
  A dart slug (D:4)
  3 orcs (D:5)
  5 endoplasms
  2 giant cockroaches
  8 goblins
  7 hobgoblins
  18 jackals
  A quokka (D:2)
  7 ball pythons
  7 bats
  2 frilled lizards
  7 kobolds
  10 rats
92 creatures vanquished.

Notes
Turn   | Place    | Note
-------+----------+-------------------------------------------
     0 | D:1      | qw the Troll Cinder Acolyte began the quest for the Orb.
     0 | D:1      | Reached XP level 1. HP: 22/22 MP: 1/1
     0 | D:1      | 0 ||| qw: Version: 0.1-a-97-g2dd2ca4
     0 | D:1      | 0 ||| qw: Game counter: 4524
     0 | D:1      | 0 ||| qw: Always use a shield: true
     0 | D:1      | 0 ||| qw: God list: Okawaru
     0 | D:1      | 0 ||| qw: Allow faded altars: false
     0 | D:1      | 0 ||| qw: Do Orc after D:15 true
     0 | D:1      | 0 ||| qw: Do second Lair branch before Depths: true
     0 | D:1      | 0 ||| qw: Lair rune preference: random
     0 | D:1      | 0 ||| qw: Plans: Normal
     0 | D:1      | 0 ||| PLANNING D:1-11
   121 | D:1      | 121 ||| Stepping ~*~*~tactically~*~*~ (outnumbered).
   122 | D:1      | 122 ||| Stepping ~*~*~tactically~*~*~ (outnumbered).
   123 | D:1      | 123 ||| Stepping ~*~*~tactically~*~*~ (outnumbered).
   124 | D:1      | 124 ||| INVOKING Fiery Armour.
   125 | D:1      | 125 ||| Stepping ~*~*~tactically~*~*~ (outnumbered).
   126 | D:1      | 126 ||| Stepping ~*~*~tactically~*~*~ (outnumbered).
   129 | D:1      | 129 ||| Stepping ~*~*~tactically~*~*~ (outnumbered).
   130 | D:1      | 130 ||| Stepping ~*~*~tactically~*~*~ (outnumbered).
   131 | D:1      | Reached XP level 2. HP: 29/29 MP: 2/2
   131 | D:1      | 131 ||| Stepping ~*~*~tactically~*~*~ (outnumbered).
   159 | D:1      | 159 ||| Stepping ~*~*~tactically~*~*~ (stealth).
   162 | D:1      | 162 ||| Stepping ~*~*~tactically~*~*~ (stealth).
   163 | D:1      | 163 ||| Stepping ~*~*~tactically~*~*~ (stealth).
   164 | D:1      | 164 ||| Stepping ~*~*~tactically~*~*~ (stealth).
   165 | D:1      | 165 ||| Stepping ~*~*~tactically~*~*~ (stealth).
   195 | D:1      | 195 ||| Stepping ~*~*~tactically~*~*~ (stealth).
   198 | D:1      | 198 ||| Stepping ~*~*~tactically~*~*~ (stealth).
   202 | D:1      | Reached skill level 4 in Unarmed Combat
   396 | D:1      | Reached XP level 3. HP: 36/36 MP: 3/3
   434 | D:1      | Found a faded altar of an unknown god.
   731 | D:1      | 731 ||| UPGRADING to +0 cloak.
   736 | D:1      | 736 ||| READING scroll labelled NYAMECI MUEPTU.
   737 | D:1      | 737 ||| READING 2 scrolls labelled VUNOUR LAIPNIO.
   738 | D:1      | 738 ||| READING scroll labelled VUTIDO DADOUS.
   739 | D:1      | 739 ||| READING 2 scrolls labelled OTUITUU SUUM.
   743 | D:1      | 743 ||| READING scroll labelled GETOBY POUG.
   744 | D:1      | 744 ||| DROPPING scroll of immolation.
   840 | D:2      | 840 ||| Stepping ~*~*~tactically~*~*~ (outnumbered).
   841 | D:2      | 841 ||| Stepping ~*~*~tactically~*~*~ (outnumbered).
   853 | D:2      | 853 ||| Stepping ~*~*~tactically~*~*~ (stealth).
  1192 | D:2      | Reached XP level 4. HP: 44/44 MP: 4/4
  1213 | D:2      | Reached skill level 5 in Unarmed Combat
  1618 | D:2      | Found Kiruidur's Distillery.
  1637 | D:2      | 1637 ||| BUYING potion of cancellation (96 gold).
  1637 | D:2      | Bought a potion of cancellation for 96 gold pieces
  1637 | D:2      | 1637 ||| SHOPLISTING potion of curing (36 gold, have 23).
  1637 | D:2      | 1637 ||| SHOPLISTING potion of haste (120 gold, have 23).
  1774 | D:2      | 1774 ||| DROPPING scarf of invisibility.
  1775 | D:2      | 1775 ||| READING 3 scrolls labelled SAUTEIGYUZ.
  1776 | D:2      | 1776 ||| DRINKING 2 bubbling cyan potions.
  1777 | D:2      | 1777 ||| DRINKING 2 blue potions.
  1801 | D:2      | 1801 ||| DRINKING 2 smoky yellow potions.
  1802 | D:2      | 1802 ||| READING 2 scrolls of identify.
  1802 | D:2      | 1802 ||| IDENTIFYING inky potion
  1803 | D:2      | 1803 ||| DROPPING potion of degeneration.
  1804 | D:2      | 1804 ||| DROPPING potion of lignification.
  1853 | D:3      | 1853 ||| INVOKING Fiery Armour.
  1944 | D:3      | Found an opulent altar of Gozag.
  1944 | D:3      | You fall into a shaft and drop 1 floor!
  2011 | D:4      | Noticed Edmund
  2014 | D:4      | 2014 ||| Stepping ~*~*~tactically~*~*~ (stealth).
  2017 | D:4      | 2017 ||| Stepping ~*~*~tactically~*~*~ (stealth).
  2021 | D:4      | 2021 ||| Stepping ~*~*~tactically~*~*~ (stealth).
  2022 | D:4      | 2022 ||| Stepping ~*~*~tactically~*~*~ (stealth).
  2023 | D:4      | 2023 ||| INVOKING Fiery Armour.
  2031 | D:4      | Killed Edmund
  2032 | D:4      | Reached skill level 6 in Unarmed Combat
  2032 | D:4      | Reached XP level 5. HP: 26/50 MP: 5/5
  2033 | D:4      | 2033 ||| Stepping ~*~*~tactically~*~*~ (stealth).
  2078 | D:4      | 2078 ||| Stepping ~*~*~tactically~*~*~ (stealth).
  2080 | D:4      | 2080 ||| Stepping ~*~*~tactically~*~*~ (hiding).
  2106 | D:4      | Found a glowing silver altar of Zin.
  2116 | D:4      | 2116 ||| Stepping ~*~*~tactically~*~*~ (stealth).
  2122 | D:4      | 2122 ||| Stepping ~*~*~tactically~*~*~ (stealth).
  2136 | D:4      | 2136 ||| Stepping ~*~*~tactically~*~*~ (stealth).
  2137 | D:4      | 2137 ||| Stepping ~*~*~tactically~*~*~ (hiding).
  2140 | D:4      | 2140 ||| INVOKING Fiery Armour.
  2222 | D:4      | Found a hazy altar of Hepliaklqana.
  2252 | D:4      | 2252 ||| DROPPING ring of magical power.
  2253 | D:4      | 2253 ||| READING scroll labelled YVOUMI SIGEB.
  2254 | D:4      | 2254 ||| READING 2 scrolls of identify.
  2254 | D:4      | 2254 ||| IDENTIFYING green potion
  2255 | D:4      | 2255 ||| DROPPING potion of magic.
  2747 | D:3      | 2747 ||| DROPPING +6 ring of intelligence.
  2748 | D:3      | 2748 ||| READING 2 scrolls of identify.
  2748 | D:3      | 2748 ||| IDENTIFYING golden potion
  2749 | D:3      | 2749 ||| DROPPING potion of flight.
  2952 | D:4      | Reached XP level 6. HP: 59/59 MP: 6/6
  2987 | D:4      | 2987 ||| READING 2 scrolls of identify.
  2987 | D:4      | 2987 ||| IDENTIFYING coppery potion
  3011 | D:5      | Entered Level 5 of the Dungeon
  3020 | D:5      | Reached skill level 7 in Unarmed Combat
  3022 | D:5      | Found a stormy altar of Qazlal.
  3284 | D:5      | 3284 ||| Stepping ~*~*~tactically~*~*~ (stealth).
  3293 | D:5      | 3293 ||| Stepping ~*~*~tactically~*~*~ (outnumbered).
  3294 | D:5      | 3294 ||| Stepping ~*~*~tactically~*~*~ (outnumbered).
  3295 | D:5      | 3295 ||| Stepping ~*~*~tactically~*~*~ (outnumbered).
  3296 | D:5      | 3296 ||| Stepping ~*~*~tactically~*~*~ (outnumbered).
  3297 | D:5      | 3297 ||| Stepping ~*~*~tactically~*~*~ (outnumbered).
  3310 | D:5      | 3310 ||| Stepping ~*~*~tactically~*~*~ (stealth).
  3312 | D:5      | 3312 ||| Stepping ~*~*~tactically~*~*~ (stealth).
  3322 | D:5      | 3322 ||| Stepping ~*~*~tactically~*~*~ (outnumbered).
  3326 | D:5      | 3326 ||| Stepping ~*~*~tactically~*~*~ (outnumbered).
  3328 | D:5      | 3328 ||| Stepping ~*~*~tactically~*~*~ (outnumbered).
  3332 | D:5      | Slain by an ogre

Levels and vault maps discovered:
D:1:      psy_arrival_conway, layout_basic, basic_ecumenical_altar,
          minmay_vboxes
D:2:      minmay_diamond_boxcup, layout_basic, serial_shops,
          nicolae_shop_temple_entry_statues_fountains, minmay_crystal_room,
          kennysheep_cross_bottleneck, grunt_decor_one_mirror,
          minmay_pentomino_s4
D:3:      layout_loops_ring, mainiacjoe_overflow_cross_hatched
D:4:      layout_rooms, mainiacjoe_overflow_brackets,
          worldfamousw_hep_ancestral_shrine, uniq_edmund
D:5:      layout_layer_cave, nicolae_qazlal_general_emergency

Skill      XL: |  1  2  3  4  5  6 |
---------------+-------------------+-----
Unarmed Combat | 4 6 7 |  7.8
Fighting       | |  2.4
Spellcasting   | |  1.0
Fire Magic     | |  2.1

Action                   |  1- 3 |  4- 6 || total
-------------------------+-------+-------++-------
Melee: Unarmed           |   102 |   112 ||   214
       Punch             |       |     3 ||     3
Invok: Fiery Armour      |     1 |     3 ||     4
  Use: Scroll            |     5 |     6 ||    11
       Potion            |       |     3 ||     3
Armor: Robe              |    33 |    38 ||    71
Dodge: Dodged            |    35 |    30 ||    65

Table legend:
 A = Non-vault XP
 B = Vault XP
 C = Vault XP percentage of total XP
 D = Non-vault monster count
 E = Vault monster count
 F = Vault count percentage of total count
                 A         B        C        D         E       F
            +---------+---------+-------+---------+---------+-------
      Total |     472 |     201 |  29.9 |      72 |      20 |  21.7
            +---------+---------+-------+---------+---------+-------
        D:1 |      35 |      10 |  22.2 |      22 |       8 |  26.7
        D:2 |      46 |      22 |  32.4 |      18 |      11 |  37.9
        D:3 |      35 |       0 |   0.0 |      14 |       0 |   0.0
        D:4 |     108 |     169 |  61.0 |      12 |       1 |   7.7
        D:5 |     248 |       0 |   0.0 |       6 |       0 |   0.0
            +---------+---------+-------+---------+---------+-------
